[Event "Team 45 45 League T89"]
[Site "Internet Chess Club"]
[Date "2021.08.12"]
[Round "6"]
[White "xingon"]
[Black "olivermx"]
[Result "0-1"]
[WhiteElo "1379"]
[BlackElo "1272"]
[Opening "Queen's bishop game"]
[ECO "D00"]
[Time "22:01:26"]
[TimeControl "2700+45"]

1. d4 d5 2. Bf4 Nf6 3. Nf3 e6 4. e3 a6 5. c4 dxc4 6. Bxc4 Nbd7 7. O-O b5 8. Bb3
Bb7 9. Ne5 Nxe5 10. Bxe5 Be7 11. Nd2 O-O 12. Rc1 Rc8 13. Qe2 Qd7 14. Rc2 c5 15.
dxc5 Bxc5 16. Bxf6 gxf6 17. Qg4+ Kh8 18. Nf3 Rg8 19. Qh4 Qe7 20. Kh1 Rxg2 21.
Kxg2 Rg8+ 22. Kh3 Bxf3 23. Qf4 Bg2+ 24. Kh4 f5+ 25. Kh5 Bf3+ 26. Kh6 Qf6# {White
checkmated} 0-1

[Event "Team 45 45 League T89"]
[Site "Internet Chess Club"]
[Date "2021.08.13"]
[Round "6"]
[White "BrerRabbit"]
[Black "Conjurer"]
[Result "1-0"]
[WhiteElo "1377"]
[BlackElo "1111"]
[Opening "Queen's pawn game"]
[ECO "A46"]
[Time "14:03:25"]
[TimeControl "2700+45"]

1. d4 Nf6 2. Nf3 e6 3. g3 g6 4. Bg2 Bg7 5. O-O d5 6. c4 c6 7. b3 O-O 8. Bb2 Nbd7
9. Nbd2 b6 10. Qc2 Ba6 11. Rfe1 Re8 12. e4 dxe4 13. Nxe4 Nxe4 14. Qxe4 Nf6 15.
Qxc6 Rc8 16. Qa4 Bb7 17. Qb4 Ne4 18. Re2 Bf8 19. Qe1 f5 20. Nd2 Nd6 21. Bxb7
Nxb7 22. Rxe6 Bg7 23. Rxe8+ Qxe8 24. Qxe8+ Rxe8 25. Kf1 Nd6 26. Rb1 Bh6 27. Bc3
a5 28. Re1 Ne4 29. Nxe4 fxe4 30. Re2 {Black resigns} 1-0

[Event "Team 45 45 League T89"]
[Site "Internet Chess Club"]
[Date "2021.08.11"]
[Round "6"]
[White "kabubi"]
[Black "gregorgg"]
[Result "0-1"]
[WhiteElo "1142"]
[BlackElo "1388"]
[Opening "Sicilian defense"]
[ECO "B30"]
[Time "15:30:24"]
[TimeControl "2700+45"]

1. e4 c5 2. Nf3 Nc6 3. d3 g6 4. g3 Bg7 5. Bg2 e6 6. O-O Nge7 7. Nbd2 O-O 8. c3
d5 9. Re1 b6 10. Qe2 d4 11. a3 dxc3 12. bxc3 Bxc3 13. Ra2 Ba6 14. Bf1 Qd7 15.
Rc2 Bg7 16. Qd1 Bxd3 17. Nc4 b5 18. Qxd3 Qxd3 19. Bxd3 bxc4 20. Bxc4 Nd4 21.
Nxd4 cxd4 22. f4 Rac8 23. e5 Rfd8 24. Bd3 Rxc2 25. Bxc2 Bf8 26. Rd1 Nc6 27. Rd3
Bc5 28. Kf2 Na5 29. Ke2 Bb6 30. a4 Rc8 31. Kd2 Nc4+ 32. Ke2 Ne3 33. Bxe3 Rxc2+
34. Bd2 Ra2 35. a5 Bxa5 36. Rxd4 Bxd2 37. Rxd2 Rxd2+ 38. Kxd2 Kf8 39. Kc3 Ke7
40. Kb4 Kd7 41. Kb5 Kc7 42. Ka6 Kb8 43. g4 h6 44. h4 Ka8 45. g5 h5 46. Ka5 Kb7
47. Kb5 a6+ 48. Ka5 Ka7 49. Ka4 Kb6 50. Kb4 a5+ 51. Ka4 Ka6 52. Ka3 Kb5 53. Kb3
a4+ 54. Ka3 Ka5 55. Ka2 Kb4 56. Kb2 a3+ 57. Ka2 Ka4 58. Ka1 Kb3 59. Kb1 a2+ 60.
Ka1 Kc3 61. Kxa2 Kd4 62. Kb3 Ke4 63. Kc3 Kxf4 64. Kd4 Kg4 65. Ke4 Kxh4 66. Kf4
Kh3 67. Kf3 h4 68. Kf4 Kg2 69. Kg4 h3 {White resigns} 0-1

[Event "Team 45 45 League T89"]
[Site "Internet Chess Club"]
[Date "2021.08.14"]
[Round "6"]
[White "Kidpython"]
[Black "oldbookseller"]
[Result "1-0"]
[WhiteElo "1110"]
[BlackElo "889"]
[Opening "Queen's pawn game"]
[ECO "D02"]
[Time "09:48:38"]
[TimeControl "2700+45"]

1. d4 d5 2. Nf3 e6 3. Bf4 Nf6 4. Nc3 b6 5. e3 Bb7 6. Nb5 Bd6 7. Nxd6+ cxd6 8.
Bb5+ Bc6 9. Bxc6+ Nxc6 10. Qd3 O-O 11. Ng5 Nb4 12. Qc3 a5 13. a3 Ne4 14. Nxe4
dxe4 15. axb4 Rc8 16. Qd2 e5 17. dxe5 d5 18. bxa5 Ra8 19. O-O bxa5 20. Rfd1 h6
21. Qxd5 g5 22. Qxe4 Qc7 23. Bg3 Qb6 24. Ra2 Rab8 25. Rd6 Qb5 26. Rxh6 f5 27.
Qd3 Rfd8 28. Qxb5 Rxb5 29. h3 Rd1+ 30. Kh2 Rbd5 31. Rg6+ Kh7 32. Rxg5 Re1 33. e6
Rdd1 34. Bf4 Rh1+ 35. Kg3 Kh6 36. Rxf5+ Kg6 37. e7 Kxf5 38. e8=Q Rxh3+ 39. Kxh3
Rh1+ 40. Bh2 Kg5 41. Rxa5+ {Black resigns} 1-0

[Event "Team 45 45 League T89"]
[Site "Internet Chess Club"]
[Date "2021.08.16"]
[Round "6"]
[White "Redman1"]
[Black "ascoli"]
[Result "1-0"]
[WhiteElo "1583"]
[BlackElo "1605"]
[Opening "Catalan opening"]
[ECO "E00"]
[Time "14:00:46"]
[TimeControl "2700+45"]

1. d4 e6 2. c4 Nf6 3. g3 Bb4+ 4. Bd2 a5 5. a3 Be7 6. Bg2 Nc6 7. Nf3 b6 8. O-O
Ba6 9. Qc2 O-O 10. Bf4 Rc8 11. Rd1 Ne8 12. d5 exd5 13. cxd5 Na7 14. Nc3 Bf6 15.
e4 d6 16. Nd4 c6 17. dxc6 Nxc6 18. Nxc6 Rxc6 19. e5 {Black resigns} 1-0

[Event "Team 45 45 League T89"]
[Site "Internet Chess Club"]
[Date "2021.08.14"]
[Round "6"]
[White "Electryon"]
[Black "ChessG2011"]
[Result "1/2-1/2"]
[WhiteElo "1450"]
[BlackElo "1466"]
[Opening "English: Anglo-Grünfeld, Smyslov defense"]
[ECO "A16"]
[Time "15:00:27"]
[TimeControl "2700+45"]

1. c4 Nf6 2. Nc3 d5 3. cxd5 Nxd5 4. g3 g6 5. Bg2 Nxc3 6. bxc3 Bg7 7. Rb1 Nd7 8.
d4 Nb6 9. e4 O-O 10. Nf3 c5 11. O-O cxd4 12. cxd4 Bg4 13. Be3 Qd7 14. e5 Rfd8
15. Qb3 Rab8 16. Ng5 Rf8 17. h3 Bf5 18. Rb2 Qd8 19. g4 Bd7 20. Ne4 Bc6 21. f4 e6
22. f5 Nd5 23. fxe6 fxe6 24. Bg5 Qd7 25. Rbf2 Nc7 26. Rxf8+ Rxf8 27. Rxf8+ Kxf8
28. Qa3+ Kg8 29. Qc5 Nb5 30. Be3 Bd5 31. a4 Bxe4 32. Bxe4 Nc7 33. Qxa7 Nd5 34.
Qa8+ Kf7 35. Bf2 Nb6 36. Qxb7 Qxb7 37. Bxb7 Nxa4 38. Be1 Nb6 39. Kf2 Nd5 40. Bd2
h6 41. Kf3 g5 42. Ke4 Nc7 43. Ba5 Nb5 44. d5 Na3 45. d6 Bxe5 46. d7 Bf6 47. d8=Q
Bxd8 48. Bxd8 Nc4 49. Bc7 Nd2+ 50. Kd3 Nb3 51. Ke3 Nc5 52. Bc8 Ke7 53. Kd4 Nb3+
54. Ke5 Nd2 55. Bxe6 Nf3+ 56. Kd5 Ng1 57. Bd6+ Kf6 58. Be5+ Ke7 59. Bd6+ Kf6 60.
Be5+ Ke7 61. Bd4 Nxh3 62. Be3 Kf6 63. Bd7 Nf4+ 64. Bxf4 gxf4 65. Ke4 Kg5 66. Kf3
h5 67. gxh5 Kxh5 68. Kxf4 {Game drawn because neither player has mating
material} 1/2-1/2

[Event "Team 45 45 League T89"]
[Site "Internet Chess Club"]
[Date "2021.08.12"]
[Round "6"]
[White "Constrictor"]
[Black "tryanything"]
[Result "1/2-1/2"]
[WhiteElo "1524"]
[BlackElo "1496"]
[Opening "QGD Slav: 4.Nc3"]
[ECO "D15"]
[Time "20:01:22"]
[TimeControl "2700+45"]

1. Nf3 d5 2. d4 Nf6 3. c4 c6 4. Nc3 Bf5 5. Qb3 Qb6 6. Bf4 dxc4 7. Qxb6 axb6 8.
Nd2 b5 9. e4 Bd7 10. b3 cxb3 11. Nxb3 e6 12. Bd3 Bb4 13. Kd2 b6 14. Bc7 c5 15.
Bc2 c4 16. Nc1 Nc6 17. Ne2 Ke7 18. Bxb6 Ra6 19. Bc7 Rha8 20. a4 bxa4 21. Ke3 a3
22. Na2 Bd6 23. Bxd6+ Kxd6 24. e5+ Ke7 25. exf6+ gxf6 26. Rhb1 f5 27. Nec3 f4+
28. Kxf4 Nxd4 29. Be4 R8a7 30. Rb7 Nb3 31. Rxa7 Rxa7 32. Rd1 f5 33. Bc2 Bc6 34.
Rb1 Rb7 35. g3 Kf6 36. Bd1 e5+ 37. Ke3 e4 38. Be2 Rd7 39. Rd1 Rxd1 40. Bxd1 Ke5
41. Be2 Bd5 42. Nxd5 Kxd5 43. g4 fxg4 44. Bxg4 Ke5 45. Bc8 Nc5 46. Bh3 Nd3 47.
Bf1 Nxf2 48. Kxf2 Kd4 49. Ke2 h6 50. Kd2 e3+ 51. Kc2 Ke4 52. Be2 Kf4 53. Kc3 Kg5
54. Kxc4 Kh4 55. Kd3 Kh3 56. Kxe3 Kxh2 57. Bc4 Kg3 58. Nc3 h5 59. Nb5 h4 60.
Nxa3 h3 61. Bd5 h2 62. Nc4 Kg4 63. Kf2 Kf4 64. Kg2 h1=B+ 65. Kxh1 Kf5 66. Kg2
Kg4 67. Kf2 Kf4 68. Ke2 Kf5 69. Ke3 Kf6 70. Kf4 Kg6 71. Ke5 Kg5 72. Ne3 Kg6 73.
Be6 Kg7 74. Ng4 Kg6 75. Bf5+ Kg7 76. Ke6 Kg8 77. Kf6 Kh8 78. Kg6 Kg8 79. Nh6+
Kh8 80. Nf7+ Kg8 81. Be6 Kf8 82. Kf6 Kg8 83. Kg6 Kf8 84. Ne5 Ke7 85. Kf5 Kd6 86.
Nd3 Ke7 87. Ke5 Kf8 88. Kf6 Ke8 89. Nc5 Kf8 90. Nd7+ Ke8 91. Ne5 Kf8 92. Ng6+
Ke8 93. Ke5 Kd8 94. Kd5 Ke8 95. Kd6 Kd8 96. Bf7 Kc8 97. Ne5 Kd8 98. Nc6+ Kc8 99.
Bd5 Kb7 100. Bc4 Kb6 101. Kd5 Kc7 102. Kc5 Kd7 103. Bf7 Kc7 104. Be8 Kb7 105.
Bg6 Kc7 106. Bf5 Kb7 107. Na5+ Kc7 108. Nc4 Kd8 109. Kd6 Ke8 110. Ne5 Kf8 111.
Ke6 Kg8 112. Kf6 Kh8 113. Kg6 Kg8 114. Ng4 Kh8 115. Kf6 Kg8 116. Nh6+ Kh8 117.
Nf7+ Kg8 118. Bg6 Kf8 {Game drawn by the 50 move rule} 1/2-1/2

[Event "Team 45 45 League T89"]
[Site "Internet Chess Club"]
[Date "2021.08.14"]
[Round "6"]
[White "clarinetref"]
[Black "oldsj"]
[Result "1/2-1/2"]
[WhiteElo "1446"]
[BlackElo "1423"]
[Opening "English opening"]
[ECO "A05"]
[Time "09:04:25"]
[TimeControl "2700+45"]

1. Nf3 Nf6 2. c4 e6 3. g3 Be7 4. Bg2 O-O 5. O-O c5 6. b3 Nc6 7. Bb2 d6 8. d3 Bd7
9. Nbd2 Rc8 10. a3 Nh5 11. Ne4 d5 12. cxd5 exd5 13. Nc3 Be6 14. e3 Qd7 15. Re1
Bf6 16. d4 cxd4 17. exd4 Bg4 18. Qd2 Rfe8 19. Rxe8+ Rxe8 20. Na4 b6 21. Ne5 Nxe5
22. dxe5 Bxe5 23. Qxd5 Qxd5 24. Bxd5 Bxb2 25. Nxb2 Re2 26. Nc4 Nf6 27. Bg2 {Game
drawn by mutual agreement} 1/2-1/2

[Event "Team 45 45 League T89"]
[Site "Internet Chess Club"]
[Date "2021.08.15"]
[Round "6"]
[White "Timmah4651"]
[Black "Signofthetimes"]
[Result "1-0"]
[WhiteElo "1586"]
[BlackElo "1564"]
[Opening "Réti opening"]
[ECO "A11"]
[Time "22:17:01"]
[TimeControl "2700+45"]

1. Nf3 c6 2. c4 d5 3. g3 Nf6 4. Bg2 Bf5 5. Ne5 Nbd7 6. d4 dxc4 7. Nxc4 e6 8. O-O
Be7 9. Nc3 h5 10. Bf4 h4 11. Nd6+ Bxd6 12. Bxd6 Nb6 13. Bb4 hxg3 14. hxg3 Bh3
15. e4 Nbd7 16. e5 Nd5 17. Nxd5 cxd5 18. Bxh3 Rxh3 19. Qg4 Rh7 20. Rac1 Rc8 21.
Kg2 Rxc1 22. Rxc1 a5 23. Bd6 g6 24. Rc7 b5 25. Qe2 f5 26. Qxb5 f4 27. Rb7 f3+
28. Kxf3 {Black resigns} 1-0

[Event "Team 45 45 League T89"]
[Site "Internet Chess Club"]
[Date "2021.08.11"]
[Round "6"]
[White "Kingofknights"]
[Black "Grenadier"]
[Result "0-1"]
[WhiteElo "1486"]
[BlackElo "1576"]
[Opening "Old Indian defense"]
[ECO "A53"]
[Time "21:00:27"]
[TimeControl "2700+45"]

1. d4 Nf6 2. c4 d6 3. Nc3 Nbd7 4. e4 e5 5. d5 Nc5 6. f3 Be7 7. b4 Ncd7 8. Be3
O-O 9. Bd3 a5 10. b5 b6 11. Nge2 Re8 12. Bc2 Nf8 13. Qd2 Ng6 14. a4 Nh5 15. g3
Bh3 16. Rg1 Bd7 17. O-O-O Rf8 18. g4 Nf6 19. Ng3 Nh4 20. Rdf1 Bc8 21. Nf5 Nd7
22. Nxh4 Bxh4 23. g5 f6 24. Rg4 fxg5 25. Bxg5 Bxg5 26. Rxg5 Rf4 27. Rfg1 g6 28.
Qg2 Nf8 29. Ne2 Rf7 30. h4 Qf6 31. h5 Bd7 32. hxg6 Nxg6 33. Rf5 Qg7 34. Rxf7
Kxf7 35. Qg5 Rg8 36. Kd2 Qf6 37. Qxf6+ Kxf6 38. f4 exf4 39. Nxf4 Kf7 40. Nh5 Ne5
41. Rf1+ Ke7 42. Bd3 Rg2+ 43. Kc3 Bg4 44. Nf4 Rg3 45. Kd4 Nxd3 46. Nxd3 Be2 47.
Nb2 Bxf1 {White resigns} 0-1

[Event "Team 45 45 League T89"]
[Site "Internet Chess Club"]
[Date "2021.08.11"]
[Round "6"]
[White "tightfist"]
[Black "seattleblues"]
[Result "1/2-1/2"]
[WhiteElo "1447"]
[BlackElo "1351"]
[Opening "QGD Slav: 4.e3"]
[ECO "D11"]
[Time "21:02:55"]
[TimeControl "2700+45"]

1. Nf3 d5 2. c4 c6 3. e3 Nf6 4. d4 Bg4 5. Nc3 e6 6. b3 Qa5 7. Bd2 Bb4 8. Na4
Bxd2+ 9. Qxd2 Qxd2+ 10. Nxd2 O-O 11. f3 Bh5 12. g4 Bg6 13. h4 h6 14. g5 hxg5 15.
hxg5 Ne8 16. O-O-O Nd6 17. Nc5 b6 18. Nd3 Nf5 19. Ne5 Nxe3 20. Nxg6 fxg6 21. Re1
Nxf1 22. Rhxf1 Kf7 23. Re3 Na6 24. Rfe1 Nc7 25. Kc2 Rae8 26. Kd3 Rh8 27. f4 Rh4
28. Nf3 Rxf4 29. Ne5+ Kg8 30. Nxc6 dxc4+ 31. bxc4 a6 32. Ne5 Rf5 33. Rg1 Rf2 34.
a3 Ra2 35. Ke4 Rc2 36. Rf1 Rg2 37. Rf7 Rc8 38. Kf4 Rf2+ 39. Rf3 Rxf3+ 40. Kxf3
Rf8 41. Rxf8+ Kxf8 42. Nxg6+ Kf7 43. Ne5+ Ke7 44. Ke4 Kd6 45. Nf7+ Ke7 {Game
drawn by mutual agreement} 1/2-1/2

[Event "Team 45 45 League T89"]
[Site "Internet Chess Club"]
[Date "2021.08.13"]
[Round "6"]
[White "sdcohle"]
[Black "MartyJR"]
[Result "1-0"]
[WhiteElo "1341"]
[BlackElo "1547"]
[Opening "Sicilian: closed"]
[ECO "B24"]
[Time "20:32:36"]
[TimeControl "2700+45"]

1. e4 c5 2. Nc3 Nc6 3. g3 g6 4. Bg2 Bg7 5. Nge2 e6 6. d3 Nge7 7. O-O O-O 8. f4
Nd4 9. e5 Rb8 10. Nxd4 cxd4 11. Ne4 Nf5 12. Qe1 d5 13. Ng5 h6 14. Nf3 Qb6 15. g4
Ne7 16. g5 h5 17. Qf2 Nc6 18. b3 Bd7 19. Bb2 Rfc8 20. Nxd4 Nb4 21. Kh1 Bf8 22.
Qd2 Bc5 23. c3 Nc6 24. Nxc6 Bxc6 25. d4 Be7 26. Rf3 Rc7 27. Rc1 Rbc8 28. Bf1 a6
29. Be2 Qa5 30. Ba1 b5 31. Rc2 Qb6 32. c4 dxc4 33. bxc4 Bxf3+ 34. Bxf3 bxc4 35.
Bc3 Qb1+ 36. Rc1 Qd3 37. Qg2 Qf5 38. Be4 Qg4 39. Bf3 Qxg2+ 40. Kxg2 Rb8 41. Rc2
Rcc8 42. d5 exd5 43. Bxd5 Rd8 44. Bxc4 Ra8 45. e6 fxe6 46. Bxe6+ Kh7 47. Bb3 a5
48. Re2 Bf8 49. Re6 Ra7 50. Bc2 Bg7 51. Bxg6+ Kh8 52. Bxg7+ Kxg7 53. Bxh5 Rd2+
54. Kg3 Rc7 55. f5 Rc3+ 56. Kf4 Rc4+ 57. Ke5 Rc5+ 58. Ke4 Re2+ 59. Bxe2 {Black
resigns} 1-0

[Event "Team 45 45 League T89"]
[Site "Internet Chess Club"]
[Date "2021.08.14"]
[Round "6"]
[White "goldeen7"]
[Black "seattleblues"]
[Result "1-0"]
[WhiteElo "1453"]
[BlackElo "1339"]
[Opening "Caro-Kann: closed (Breyer) variation"]
[ECO "B10"]
[Time "06:01:50"]
[TimeControl "2700+45"]

1. e4 c6 2. d3 d5 3. Nd2 dxe4 4. dxe4 e5 5. Ngf3 Bg4 6. h3 Bh5 7. g4 Bg6 8. Nxe5
Nf6 9. Bg2 Bd6 10. Nxg6 hxg6 11. c3 Nbd7 12. Nc4 Bc7 13. Be3 Qe7 14. Qc2 Nc5 15.
Nd2 Rd8 16. O-O-O Nd3+ 17. Kb1 Nf4 18. Bf3 b6 19. Qa4 Bb8 20. Qxc6+ Kf8 21. h4
Ne6 22. Qa4 Nd7 23. g5 Ne5 24. Be2 Nc5 25. Qc2 Qe6 26. Ka1 Bd6 27. f3 Nc6 28.
Bc4 Qd7 29. Bb5 Qc7 30. f4 a6 31. Bxc6 Qxc6 32. Kb1 Re8 33. Rde1 Nxe4 34. Nb3
Ng3 35. Nd4 Qxh1 36. Rxh1 Nxh1 37. Bc1 Rxh4 38. Qg2 Bxf4 39. Bxf4 Re1+ 40. Kc2
Rxf4 41. Kb3 Rfe4 42. Nc2 R1e2 43. Qxh1 a5 44. Nd4 Re1 45. Qg2 b5 46. Qd2 Re8
47. Nc2 a4+ 48. Ka3 R1e4 49. Nd4 b4+ 50. Kxb4 Rb8+ 51. Ka3 Ree8 52. Qc2 Ra8 53.
Qd3 Reb8 54. Qc4 Rc8 55. Nc6 Rc7 56. Qd5 Rac8 57. Qb5 Rxc6 58. Qxa4 Rb6 59. b3
Rcc6 60. Kb2 Ra6 61. Qb5 Rcb6 62. Qc4 Ra8 63. Qd4 Rba6 64. a4 Re6 65. Ka3 Re1
66. c4 Rb8 67. Qc3 Rb1 68. c5 Rd8 69. Ka2 Rdd1 70. Ka3 Rdc1 71. Qd4 Rc2 72. Kb4
Kg8 73. Qd3 Rbc1 74. Qd5 Rh2 75. Kb5 Rcc2 76. b4 Rhd2 77. Qc6 Rd8 78. Qc7 Rcd2
79. c6 R2d5+ 80. Kb6 Ra8 81. Qa7 Rdd8 82. Qc7 Rdb8+ 83. Kc5 Rc8 84. Qb7 Rcb8 85.
a5 f5 86. gxf6 gxf6 87. a6 g5 88. c7 Rc8 89. a7 g4 90. Kd6 f5 91. Kd7 g3 92.
Qxc8+ Rxc8 93. Kxc8 g2 94. a8=Q g1=Q 95. Kb7+ Kf7 96. c8=Q {Black resigns} 1-0

[Event "Team 45 45 League T89"]
[Site "Internet Chess Club"]
[Date "2021.08.16"]
[Round "6"]
[White "dwmt"]
[Black "Andressa"]
[Result "0-1"]
[WhiteElo "1102"]
[BlackElo "1330"]
[Opening "Réti: King's Indian attack (Barcza system)"]
[ECO "A07"]
[Time "20:13:06"]
[TimeControl "2700+45"]

1. Nf3 d5 2. g3 Nf6 3. Bg2 e6 4. O-O Be7 5. d3 O-O 6. Nbd2 c5 7. e4 Nc6 8. exd5
Nxd5 9. c4 Nf6 10. Ne4 h6 11. a3 Rb8 12. Be3 Nd4 13. Nxd4 cxd4 14. Bf4 Ra8 15.
Nxf6+ Bxf6 16. Qg4 e5 17. Qf3 exf4 18. Qxf4 Re8 19. Bd5 Bh3 20. Rfd1 Rb8 21. Qf3
Qe7 22. Be4 Bd7 23. Bxb7 Ba4 24. Rdc1 Rxb7 25. Qe4 Qxe4 26. dxe4 Rxe4 27. c5 Rc7
28. b4 d3 29. Re1 Rxe1+ 30. Rxe1 d2 31. Re8+ Kh7 {White resigns} 0-1

[Event "Team 45 45 League T89"]
[Site "Internet Chess Club"]
[Date "2021.08.17"]
[Round "6"]
[White "marioseixas1992"]
[Black "DaveTheRook"]
[Result "1-0"]
[WhiteElo "1368"]
[BlackElo "1418"]
[Opening "Sicilian: Najdorf, Byrne (English) attack"]
[ECO "B90"]
[Time "18:07:28"]
[TimeControl "2700+45"]

1. e4 c5 2. Nf3 d6 3. d4 cxd4 4. Nxd4 Nf6 5. Nc3 a6 6. Be3 e5 7. Nb3 Be7 8. Be2
Be6 9. O-O Qc7 10. Nd5 Nxd5 11. exd5 Bf5 12. c4 Nd7 13. Qd2 O-O 14. g4 Bg6 15.
g5 f5 16. f4 e4 17. Nd4 Bf7 18. b4 Rfc8 19. Rfc1 Qd8 20. Ne6 Bxe6 21. dxe6 Nf8
22. Qd5 Rab8 23. Qxf5 d5 24. Qf7+ Kh8 25. Bd4 Nxe6 26. Qxe6 dxc4 27. Qe5 Bf8 28.
Rxc4 b5 29. Rxc8 Rxc8 30. Bc5 Bxc5+ 31. bxc5 Qf8 32. Rc1 Re8 33. Qd6 Qf7 34. Rc2
Re6 35. Qd2 e3 36. Qd4 Re8 37. c6 Rg8 38. Qxe3 Re8 39. Qd4 Re7 40. Qd6 h6 41. c7
Rd7 42. c8=Q+ {Black resigns} 1-0

[Event "Team 45 45 League T89"]
[Site "Internet Chess Club"]
[Date "2021.08.15"]
[Round "6"]
[White "piirimae"]
[Black "Pawnchain"]
[Result "1-0"]
[WhiteElo "1320"]
[BlackElo "1274"]
[Opening "French: Albin-Alekhine-Châtard attack, Maróczy variation"]
[ECO "C13"]
[Time "15:00:30"]
[TimeControl "2700+45"]

1. e4 e6 2. d4 d5 3. Nc3 Nf6 4. Bg5 Be7 5. e5 Nfd7 6. h4 a6 7. Qg4 c5 8. Bxe7
Qxe7 9. Qxg7 Rf8 10. Nf3 cxd4 11. Nxd4 Nc6 12. Nxc6 bxc6 13. O-O-O Rb8 14. a3
Qc5 15. Rd2 Qb6 16. Nd1 Nc5 17. f3 Na4 18. b3 Nc5 19. b4 Na4 20. Qg4 c5 21. c3
c4 22. Qd4 Qc6 23. Ne3 Nb6 24. Be2 {Black resigns} 1-0

[Event "Team 45 45 League T89"]
[Site "Internet Chess Club"]
[Date "2021.08.13"]
[Round "6"]
[White "Tjet"]
[Black "smsxman"]
[Result "1/2-1/2"]
[WhiteElo "1262"]
[BlackElo "1291"]
[Opening "English opening"]
[ECO "A15"]
[Time "21:00:22"]
[TimeControl "2700+45"]

1. c4 Nf6 2. Nf3 d5 3. cxd5 Nxd5 4. g3 e6 5. Bg2 g6 6. O-O Bg7 7. Nc3 Nf6 8. d3
c6 9. a3 O-O 10. Rb1 Nbd7 11. Bg5 Qc7 12. Bd2 a5 13. Qc1 Qd8 14. Bg5 Qe8 15. Bf4
Qd8 16. Bg5 Re8 17. Ne4 Qe7 18. Nxf6+ Bxf6 19. Bxf6 Qxf6 20. Qc3 e5 21. Nd2 Qd8
22. Ne4 Nf6 23. Nxf6+ Qxf6 24. f4 Bf5 25. fxe5 Qxe5 26. Qxe5 Rxe5 27. e4 Bg4 28.
d4 Ree8 29. Rfe1 Be6 30. d5 cxd5 31. exd5 Bf5 32. Rxe8+ Rxe8 33. Rc1 Re2 34. b4
axb4 35. axb4 Rb2 36. d6 Rxb4 37. Rd1 Bd7 38. Rd2 b5 39. Kf2 Kf8 40. Bd5 f5 41.
h4 Ke8 42. Bg8 h6 43. Re2+ Re4 44. Rd2 b4 45. Rb2 Be6 46. Bxe6 Rxe6 47. Rxb4
Rxd6 48. Rb7 h5 49. Kf3 Kd8 50. Kf4 Rd4+ 51. Kf3 Rd6 52. Rg7 Ke8 53. Ra7 Kf8 54.
Rb7 Re6 55. Ra7 Re4 56. Rb7 Re6 57. Ra7 Re7 58. Ra6 Kf7 59. Rb6 Re6 60. Rb7+ Kf6
61. Rb8 Rc6 62. Rb3 Re6 63. Rb5 Rd6 64. Rb3 Rd4 65. Rb6+ Kg7 66. Rb7+ Kh6 67.
Rb6 Rg4 68. Rb1 Rc4 69. Rh1 g5 70. hxg5+ Kxg5 71. Kf2 h4 72. gxh4+ Rxh4 73. Rxh4
Kxh4 74. Kf3 Kg5 75. Kg3 Kf6 76. Kf4 Ke6 77. Kf3 Ke5 78. Ke3 Kf6 79. Kf4 Kg6 80.
Kf3 Kg5 81. Kg3 f4+ 82. Kf3 Kf5 83. Kf2 Ke4 84. Ke2 Kf5 85. Kf3 Kg5 86. Kf2 Kg4
87. Kg2 Kf5 88. Kf3 Ke5 89. Kf2 Ke4 90. Ke2 f3+ 91. Kf2 Kf4 92. Kf1 Kg3 93. Kg1
Kf4 94. Kf2 Ke4 95. Kf1 Ke3 96. Ke1 Kf4 97. Kf2 Kg4 98. Kf1 Kh3 99. Kf2 Kg4 100.
Kf1 Kg3 101. Kg1 Kf4 102. Kf2 Ke4 103. Kf1 Ke3 104. Ke1 Kf4 105. Kf2 Ke4 106.
Kf1 Kf4 107. Kf2 Kg4 108. Kf1 {Game drawn by repetition} 1/2-1/2

[Event "Team 45 45 League T89"]
[Site "Internet Chess Club"]
[Date "2021.08.13"]
[Round "6"]
[White "burlap"]
[Black "Visin"]
[Result "0-1"]
[WhiteElo "999"]
[BlackElo "1327"]
[Opening "Queen's pawn, Mason variation"]
[ECO "D00"]
[Time "09:00:34"]
[TimeControl "2700+45"]

1. d4 d5 2. Bf4 Nf6 3. Nd2 Nc6 4. e3 Bd7 5. Bd3 e6 6. Ngf3 Be7 7. Ne5 O-O 8. O-O
h6 9. Nxd7 Nxd7 10. Nf3 Bf6 11. c3 a6 12. Re1 b5 13. e4 Rb8 14. exd5 exd5 15.
Ne5 Ncxe5 16. Bxe5 Nxe5 17. dxe5 Be7 18. e6 f6 19. Qc2 c6 20. Re2 c5 21. Rd1 c4
22. Bh7+ Kh8 23. Bf5 Qb6 24. Rxd5 Rfd8 25. Rxd8+ Rxd8 26. Rd2 Qc5 27. Rxd8+ Bxd8
28. Qe2 Qxf5 29. e7 Bxe7 30. Qxe7 Qb1+ {White resigns} 0-1